 Dungeon Crawl Stone Soup version 0.29.0-4-gdea44cf6ec (webtiles) character file.

Game seed: 13183375337984592038

2967 qw the Grappler (level 9, -1/80 (85) HPs)
             Began as a Troll Cinder Acolyte on Aug 30, 2022.
             Was an Elder of Ignis.
             Succumbed to a wight's poison
             ... on level 7 of the Dungeon.
             The game lasted 00:02:40 (4826 turns).

qw the Grappler (Troll Cinder Acolyte)              Turns: 4826, Time: 00:02:40

HP:   -1/80 (85)    AC: 16    Str: 28    XL:     9   Next: 52%
MP:   9/9           EV:  8    Int: 10    God:    Ignis [****..]
Gold: 130           SH:  0    Dex:  5    Spells: 10/10 levels left

rFire   + . .      SeeInvis .     - Unarmed
rCold   . . .      Faith    .   (no shield)
rNeg    . . .      Spirit   .   o - +0 swamp dragon scales
rPois   +          Reflect  .   (helmet restricted)
rElec   .          Harm     .   h - scarf {repulsion}
rCorr   .          Rampage  .   (gloves unavailable)
Will    .....                   (boots unavailable)
Stlth   ..........              g - amulet of regeneration
HPRegen 1.83/turn               (no ring)
MPRegen 0.11/turn               (no ring)

@: lethally poisoned (-1 -> -6), fiery-armoured, drained, repel missiles
A: large, unfitting armour, claws 3, regeneration 1, shaggy fur 1, tough skin 1
a: Renounce Religion, Fiery Armour, Foxfire Swarm, Rising Flame


You were on level 7 of the Dungeon.
You worshipped Ignis.
Ignis was greatly pleased with you.
You visited 1 branch of the dungeon, and saw 7 of its levels.

You collected 290 gold pieces.
You spent 160 gold pieces at shops.


Innate Abilities, Weirdness & Mutations

You are too large for most types of armour.
You have claws for hands.
Your natural rate of healing is unusually fast.
You are covered in fur. (AC +1)
You have tough skin. (AC +1)


   Skills:
 - Level 4.6 Fighting
 - Level 3.6 Throwing
 - Level 2.6 Armour
 - Level 1.2 Dodging
 + Level 11.4 Unarmed Combat
 - Level 1.0 Spellcasting
 - Level 2.1 Fire Magic


You had 10 spell levels left.
You didn't know any spells.
Your spell library contained the following spells:

 Spells                   Type           Power      Damage    Failure   Level
 Scorch                   Fire           8%         2d5       30%         2

Inventory:

Missiles
 j - a boomerang
 l - 2 silver boomerangs (quivered)
Armour
 h - a scarf of repulsion (worn)
 o - +0 swamp dragon scales (worn)
Jewellery
 a - a +6 ring of dexterity
 g - an amulet of regeneration (around neck)
Scrolls
 p - a scroll of identify
Potions
 c - a potion of might {unknown}
 d - 5 potions of curing
 e - 4 potions of cancellation
 m - a potion of brilliance {unknown}
 n - a potion of mutation {unknown}
 q - 2 potions of attraction {unknown}

Dungeon Overview and Level Annotations

Branches:
Dungeon (7/15)
 Temple: D:4-7

Altars:
Cheibriados
Dithmenos
Hepliaklqana
Qazlal
Vehumet
Wu Jian
Yredelemnul

Shops:
D:2 :   D:4 !

Annotations:
D:6 3 runed translucent doors, qw's ghost, novice TeWr


Message History

The wight hits you with a +1 falchion!
The wight is burned by your cloak of flames.
The wight is moderately damaged.
The wight hits you from afar with a +1 halberd of venom!
The orc warrior barely misses you.
You claw the orc warrior!
The orc warrior is heavily wounded.
You claw the orc warrior!
The orc warrior is almost dead.
The wight barely misses you.
The wight hits you from afar with a +1 halberd of venom.
You feel drained.
The orc warrior hits you but does no damage.
You mangle the orc warrior!!
You kill the orc warrior!
The wight hits you but does no damage.
The wight is burned by your cloak of flames.
The wight is heavily damaged.
The wight barely misses you.
You closely miss the wight.
The wight is heavily damaged.
The wight hits you but does no damage.
The wight is burned by your cloak of flames.
The wight is lightly damaged.
The wight barely misses you.
The wight hits you from afar with a +1 halberd of venom.
You barely miss the wight.
The wight is heavily damaged.
You scratch the wight. You claw the wight.
You destroy the wight!
The wight barely misses you. The wight hits you but does no damage.
You are poisoned.
You closely miss the wight.
The wight is lightly damaged.
You feel sick. The wight hits you with a +4 battleaxe!
You feel drained. The wight hits you but does no damage.
You are more poisoned.
You scratch the wight.
The wight is moderately damaged.
You die...

#.# #)>...
######.##########.....
#.....................
...##...#####...<...... #
#....# #.........## ..
#<#.## #.........# #..
##.#.# #.........# ..
###..z.# ##.....####
..##.#(..))@#...........#
.z.(.....z###...........#
..........# #...........#
(......)..# ...........##
..#.....z.............##
###..........#....#.#
#...............#.#
........#.. ............


You could see 2 wights.

Vanquished Creatures
  Joseph (D:7)
  Maggie (D:6)
  Grinder (D:4)
  Eustachio (D:5)
  A steam dragon (D:6)
  Menkaure (D:5)
  Duvessa (D:5)
  An orc warrior (D:7)
  A sky beast (D:7)
  An ogre (D:4)
  A centaur (D:4)
  A phantom (D:4)
  Blork the orc (D:5)
  2 necrophages (D:5)
  7 wights
  Dowan (D:5)
  2 howler monkeys
  2 orc priests (D:3)
  3 hounds
  A jelly (D:7)
  A gnoll bouda (D:5)
  Ijyb (D:5)
  5 iguanas
  An orc wizard (D:5)
  Robin (D:4)
  4 gnolls (D:5)
  7 adders
  A shadow imp (D:7)
  An ufetubus (D:4)
  11 orcs
  9 endoplasms
  10 hobgoblins
  2 jackals (D:3)
  3 quokkas
  6 ball pythons
  3 bats (D:1)
  A frilled lizard (D:3)
  12 goblins
  8 kobolds
  5 rats
  A spectral orc (D:6)
124 creatures vanquished.

Notes
Turn   | Place    | Note
-------+----------+-------------------------------------------
     0 | D:1      | qw the Troll Cinder Acolyte began the quest for the Orb.
     0 | D:1      | Reached XP level 1. HP: 22/22 MP: 1/1
     0 | D:1      | 0 ||| qw: Version: 0.1-a-95-gae9e614
     0 | D:1      | 0 ||| qw: Game counter: 4404
     0 | D:1      | 0 ||| qw: Always use a shield: true
     0 | D:1      | 0 ||| qw: God list: Okawaru
     0 | D:1      | 0 ||| qw: Allow faded altars: false
     0 | D:1      | 0 ||| qw: Do Orc after D:15 true
     0 | D:1      | 0 ||| qw: Do second Lair branch before Depths: true
     0 | D:1      | 0 ||| qw: Lair rune preference: random
     0 | D:1      | 0 ||| qw: Plans: Normal
     0 | D:1      | 0 ||| PLANNING D:1-11
   194 | D:1      | Reached XP level 2. HP: 29/29 MP: 2/2
   529 | D:1      | 529 ||| Stepping ~*~*~tactically~*~*~ (stealth).
   532 | D:1      | 532 ||| Stepping ~*~*~tactically~*~*~ (outnumbered).
   533 | D:1      | 533 ||| Stepping ~*~*~tactically~*~*~ (outnumbered).
   662 | D:1      | 662 ||| UPGRADING to amulet of regeneration.
   667 | D:1      | 667 ||| READING scroll labelled FIPNEU VALUERO.
   668 | D:1      | 668 ||| READING scroll labelled AGASCH WAKLOWI.
   860 | D:2      | Reached skill level 4 in Unarmed Combat
   860 | D:2      | Reached XP level 3. HP: 34/36 MP: 3/3
   931 | D:2      | 931 ||| Stepping ~*~*~tactically~*~*~ (outnumbered).
  1089 | D:2      | Identified the +7 dagger of the Invisible Hosts {speed,
                  | rCorr}
  1171 | D:2      | Found Pautarialu's Book Emporium.
  1178 | D:2      | Identified the +1 robe "Apual" {*Slow +Blink rC+ rN+++}
  1452 | D:2      | Found a faded altar of an unknown god.
  1555 | D:2      | 1555 ||| UPGRADING to +1 robe "Apual" {*Slow +Blink rC+
                  | rN+++}.
  1565 | D:2      | 1565 ||| READING 4 scrolls labelled OKLAD HEOLUSITTOU.
  1566 | D:2      | 1566 ||| READING scroll labelled OHO QOXZINA YSUCAU.
  1567 | D:2      | 1567 ||| READING scroll labelled BAJUIB ADGHINKE.
  1568 | D:2      | 1568 ||| READING scroll labelled WOFOORR JECIUNG.
  1569 | D:2      | 1569 ||| READING scroll labelled ZUSEMAPASH.
  1570 | D:2      | 1570 ||| DRINKING 3 lumpy dark potions.
  1571 | D:2      | 1571 ||| DROPPING 3 scrolls of blinking.
  1572 | D:2      | 1572 ||| Stepping randomly (stuck).
  1573 | D:2      | 1573 ||| Stepping ~*~*~tactically~*~*~ (cloud).
  1600 | D:3      | Reached XP level 4. HP: 44/44 MP: 4/4
  1616 | D:3      | Reached skill level 5 in Unarmed Combat
  1647 | D:3      | Found a hazy altar of Hepliaklqana.
  1968 | D:3      | 1968 ||| Stepping ~*~*~tactically~*~*~ (stealth).
  1969 | D:3      | 1969 ||| Stepping ~*~*~tactically~*~*~ (stealth).
  1979 | D:3      | Reached skill level 1 in Throwing
  1990 | D:3      | Reached XP level 5. HP: 50/50 MP: 5/5
  2315 | D:3      | 2315 ||| READING scroll labelled YPTAFO HAJEXTOF.
  2316 | D:3      | 2316 ||| READING scroll labelled XASTIST LUDI.
  2317 | D:3      | 2317 ||| DRINKING 3 metallic emerald potions.
  2318 | D:3      | 2318 ||| DRINKING 2 murky sapphire potions.
  2319 | D:3      | 2319 ||| DROPPING 2 potions of degeneration.
  2408 | D:4      | Found a stormy altar of Qazlal.
  2436 | D:4      | Noticed a centaur
  2452 | D:4      | Killed a centaur
  2453 | D:4      | Reached skill level 6 in Unarmed Combat
  2490 | D:4      | Found Quass's Distillery.
  2499 | D:4      | 2499 ||| BUYING 2 potions of cancellation (160 gold).
  2499 | D:4      | Bought 2 potions of cancellation for 160 gold pieces
  2499 | D:4      | 2499 ||| SHOPLISTING 2 potions of curing (60 gold, have 0).
  2499 | D:4      | 2499 ||| SHOPLISTING potion of curing (30 gold, have 0).
  2499 | D:4      | 2499 ||| SHOPLISTING potion of heal wounds (50 gold, have
                  | 0).
  2499 | D:4      | 2499 ||| SHOPLISTING potion of mutation (80 gold, have 0).
  2520 | D:4      | 2520 ||| Stepping randomly (stuck).
  2521 | D:4      | 2521 ||| Stepping randomly (stuck).
  2522 | D:4      | 2522 ||| Stepping randomly (stuck).
  2523 | D:4      | 2523 ||| Stepping randomly (stuck).
  2524 | D:4      | 2524 ||| Stepping randomly (stuck).
  2525 | D:4      | 2525 ||| Stepping randomly (stuck).
  2526 | D:4      | 2526 ||| Stepping randomly (stuck).
  2576 | D:4      | Noticed a phantom
  2578 | D:4      | 2578 ||| Stepping ~*~*~tactically~*~*~ (stealth).
  2579 | D:4      | Noticed Robin
  2580 | D:4      | 2580 ||| Stepping ~*~*~tactically~*~*~ (hiding).
  2581 | D:4      | 2581 ||| Stepping ~*~*~tactically~*~*~ (hiding).
  2582 | D:4      | Killed a phantom
  2583 | D:4      | Reached XP level 6. HP: 59/59 MP: 6/6
  2612 | D:4      | Killed Robin
  2622 | D:4      | Noticed Grinder
  2647 | D:4      | Paralysed by Grinder for 3 turns
  2655 | D:4      | Killed Grinder
  2656 | D:4      | Reached skill level 7 in Unarmed Combat
  2656 | D:4      | Reached XP level 7. HP: 63/66 MP: 7/7
  2729 | D:4      | Found a snail-covered altar of Cheibriados.
  2765 | D:4      | Found an ornate altar of the Wu Jian Council.
  2819 | D:4      | Reached skill level 8 in Unarmed Combat
  3055 | D:4      | Found a shadowy altar of Dithmenos.
  3057 | D:4      | Found a radiant altar of Vehumet.
  3139 | D:4      | 3139 ||| READING scroll labelled YRIOCA GANEXUA.
  3140 | D:4      | 3140 ||| READING 2 scrolls labelled POPTUR TAWODIF.
  3180 | D:4      | 3180 ||| READING scroll of teleportation.
  3181 | D:4      | 3181 ||| STAIRDANCE
  3216 | D:5      | Entered Level 5 of the Dungeon
  3218 | D:5      | 3218 ||| STAIRDANCE
  3268 | D:5      | Reached skill level 3 in Fighting
  3272 | D:5      | Noticed Duvessa
  3276 | D:5      | Noticed Dowan
  3277 | D:5      | 3277 ||| INVOKING Fiery Armour.
  3279 | D:5      | 3279 ||| Stepping ~*~*~tactically~*~*~ (outnumbered).
  3280 | D:5      | 3280 ||| Stepping ~*~*~tactically~*~*~ (hiding).
  3281 | D:5      | 3281 ||| Stepping ~*~*~tactically~*~*~ (hiding).
  3282 | D:5      | 3282 ||| Stepping ~*~*~tactically~*~*~ (outnumbered).
  3283 | D:5      | 3283 ||| Stepping ~*~*~tactically~*~*~ (outnumbered).
  3284 | D:5      | 3284 ||| Stepping ~*~*~tactically~*~*~ (outnumbered).
  3293 | D:5      | Killed Duvessa
  3296 | D:5      | Killed Dowan
  3326 | D:5      | 3326 ||| Stepping ~*~*~tactically~*~*~ (stealth).
  3334 | D:5      | Noticed Menkaure
  3340 | D:5      | Reached skill level 3 in Throwing
  3344 | D:5      | Killed Menkaure
  3345 | D:5      | Reached skill level 9 in Unarmed Combat
  3345 | D:5      | Reached XP level 8. HP: 40/75 MP: 8/8
  3353 | D:5      | Noticed Blork the orc
  3354 | D:5      | 3354 ||| Stepping ~*~*~tactically~*~*~ (stealth).
  3373 | D:5      | Reached skill level 1 in Dodging
  3414 | D:5      | 3414 ||| Stepping ~*~*~tactically~*~*~ (stealth).
  3417 | D:5      | 3417 ||| Stepping ~*~*~tactically~*~*~ (hiding).
  3418 | D:5      | 3418 ||| Stepping ~*~*~tactically~*~*~ (hiding).
  3424 | D:5      | Killed Blork the orc
  3438 | D:5      | Noticed Ijyb
  3439 | D:5      | 3439 ||| Stepping ~*~*~tactically~*~*~ (stealth).
  3441 | D:5      | 3441 ||| Stepping ~*~*~tactically~*~*~ (hiding).
  3446 | D:5      | Paralysed by Ijyb for 2 turns
  3450 | D:5      | Killed Ijyb
  3473 | D:5      | Noticed Eustachio
  3477 | D:5      | Killed Eustachio
  3478 | D:5      | Reached skill level 10 in Unarmed Combat
  3829 | D:5      | 3829 ||| UPGRADING to scarf of repulsion.
  3834 | D:5      | 3834 ||| READING scroll labelled TAUCLAYDWU.
  3867 | D:4      | 3867 ||| Stepping randomly (stuck).
  3918 | D:6      | Noticed Maggie
  3925 | D:6      | Paralysed by Maggie for 2 turns
  3930 | D:6      | 3930 ||| INVOKING Fiery Armour.
  3930 | D:6      | HP: 12/75 [Maggie/+1 broad axe of distortion (11)]
  3931 | D:6      | 3931 ||| DRINKING 3 potions of heal wounds.
  3934 | D:6      | Killed Maggie
  4074 | D:6      | 4074 ||| Stepping ~*~*~tactically~*~*~ (stealth).
  4075 | D:6      | 4075 ||| Stepping ~*~*~tactically~*~*~ (stealth).
  4076 | D:6      | 4076 ||| Stepping ~*~*~tactically~*~*~ (stealth).
  4084 | D:6      | Reached XP level 9. HP: 74/85 MP: 9/9
  4102 | D:6      | 4102 ||| Stepping ~*~*~tactically~*~*~ (outnumbered).
  4103 | D:6      | 4103 ||| Stepping ~*~*~tactically~*~*~ (outnumbered).
  4104 | D:6      | 4104 ||| Stepping ~*~*~tactically~*~*~ (outnumbered).
  4107 | D:6      | 4107 ||| Stepping ~*~*~tactically~*~*~ (outnumbered).
  4108 | D:6      | 4108 ||| Stepping ~*~*~tactically~*~*~ (outnumbered).
  4109 | D:6      | 4109 ||| Stepping ~*~*~tactically~*~*~ (outnumbered).
  4110 | D:6      | 4110 ||| Stepping ~*~*~tactically~*~*~ (outnumbered).
  4111 | D:6      | 4111 ||| Stepping ~*~*~tactically~*~*~ (outnumbered).
  4112 | D:6      | 4112 ||| Stepping ~*~*~tactically~*~*~ (outnumbered).
  4113 | D:6      | 4113 ||| Stepping ~*~*~tactically~*~*~ (outnumbered).
  4141 | D:6      | Found a runed translucent gate.
  4141 | D:6      | Found a runed translucent gate.
  4141 | D:6      | Found a runed translucent gate.
  4144 | D:6      | 4144 ||| Stepping ~*~*~tactically~*~*~ (hiding).
  4144 | D:6      | Noticed qw's ghost (novice TeWr)
  4146 | D:6      | Noticed a kobold demonologist
  4302 | D:6      | Identified the +3 ring mail of the Slashing Gods {-Tele
                  | rPois Str+8}
  4617 | D:6      | Found a basalt altar of Yredelemnul.
  4695 | D:6      | 4695 ||| DROPPING +0 robe.
  4696 | D:6      | 4696 ||| UPGRADING to +0 swamp dragon scales.
  4706 | D:6      | 4706 ||| DROPPING +1 robe "Apual" {*Slow +Blink rC+ rN+++}.
  4707 | D:6      | 4707 ||| READING 2 scrolls of identify.
  4707 | D:6      | 4707 ||| IDENTIFYING bubbling coppery potion
  4708 | D:6      | 4708 ||| DROPPING potion of berserk rage.
  4731 | D:7      | Noticed Joseph
  4737 | D:7      | Killed Joseph
  4757 | D:7      | Reached skill level 11 in Unarmed Combat
  4808 | D:7      | 4808 ||| Stepping ~*~*~tactically~*~*~ (outnumbered).
  4809 | D:7      | 4809 ||| Stepping ~*~*~tactically~*~*~ (outnumbered).
  4810 | D:7      | 4810 ||| Stepping ~*~*~tactically~*~*~ (outnumbered).
  4811 | D:7      | 4811 ||| Stepping ~*~*~tactically~*~*~ (hiding).
  4815 | D:7      | 4815 ||| INVOKING Fiery Armour.
  4815 | D:7      | HP: 19/81 [wight/+1 halberd of venom (8)]
  4815 | D:7      | HP: 7/79 [orc warrior/+0 battleaxe (11)]
  4816 | D:7      | 4816 ||| DRINKING 3 potions of heal wounds.
  4816 | D:7      | HP: 2/79 [orc warrior/+0 battleaxe (17)]
  4817 | D:7      | 4817 ||| DRINKING 2 potions of heal wounds.
  4818 | D:7      | 4818 ||| DRINKING potion of heal wounds.
  4822 | D:7      | HP: 12/80 [wight/+1 halberd of venom (3)]
  4825 | D:7      | HP: 5/82 [wight/+4 battleaxe (9)]
  4825 | D:7      | HP: 1/80 [wight/+4 battleaxe (4)]
  4826 | D:7      | Succumbed to a wight's poison

Levels and vault maps discovered:
D:1:      roderic_chinese_lattice_arrival, layout_loops_cross, fountainhead,
          minivault_4
D:2:      layout_basic, basic_ecumenical_altar, serial_shops,
          nicolae_shop_waterfront, kennysheep_small_spiral, st_stairs_14
D:3:      layout_basic, mainiacjoe_overflow_surrounded_room
D:4:      layout_basic, mainiacjoe_overflow_cross_hatched,
          mainiacjoe_overflow_small_starburst, lemuel_round_altar,
          nicolae_overflow_hidden_temple, serial_shops, nicolae_shop_crystal,
          minmay_manual_moon, uniq_robin, uniq_grinder
D:5:      layout_cave_pools, uniq_ijyb, uniq_eustachio, uniq_menkaure,
          uniq_duvessa, uniq_blork_the_orc
D:6:      layout_loops_ring, yredelemnul_forgotten_temple_becter,
          gammafunk_ghost_nasty_kobolds, uniq_maggie
D:7:      layout_rooms, evilmike_ruin_ashenzari,
          amethyst_overflow_temple_binary, minmay_temple_entry_nine_rooms,
          uniq_joseph

Skill      XL: |  1  2  3  4  5  6  7  8  9 |
---------------+----------------------------+-----
Unarmed Combat | 4 5 6 7 9 10 11 | 11.4
Throwing       | 1 2 3 |  3.6
Fighting       | 3 4 |  4.6
Dodging        | 1 |  1.2
Armour         | 2 |  2.6
Spellcasting   | |  1.0
Fire Magic     | |  2.1

Action                   |  1- 3 |  4- 6 |  7- 9 || total
-------------------------+-------+-------+-------++-------
Melee: Unarmed           |    96 |    93 |   138 ||   327
       Punch             |     1 |     2 |     7 ||    10
Throw: Large rock        |       |    15 |    38 ||    53
       Boomerang         |       |       |     7 ||     7
Invok: Fiery Armour      |       |       |     3 ||     3
  Use: Scroll            |     7 |     2 |     5 ||    14
       Potion            |     1 |     2 |     4 ||     7
Armor: Robe              |    27 |    28 |    31 ||    86
       Swamp dragon scal |       |       |     9 ||     9
Dodge: Dodged            |    44 |    25 |    71 ||   140

Table legend:
 A = Non-vault XP
 B = Vault XP
 C = Vault XP percentage of total XP
 D = Non-vault monster count
 E = Vault monster count
 F = Vault count percentage of total count
                 A         B        C        D         E       F
            +---------+---------+-------+---------+---------+-------
      Total |    2205 |    2034 |  48.0 |      97 |      27 |  21.8
            +---------+---------+-------+---------+---------+-------
        D:1 |      23 |       0 |   0.0 |      15 |       0 |   0.0
        D:2 |      58 |      15 |  20.5 |      15 |       2 |  11.8
        D:3 |     108 |       0 |   0.0 |      13 |       0 |   0.0
        D:4 |     298 |     468 |  61.1 |      14 |      16 |  53.3
        D:5 |     526 |     726 |  58.0 |      22 |       6 |  21.4
        D:6 |     645 |     380 |  37.1 |       9 |       2 |  18.2
        D:7 |     547 |     445 |  44.9 |       9 |       1 |  10.0
            +---------+---------+-------+---------+---------+-------
